 Dungeon Crawl Stone Soup version 0.21-b1-23-g1fb0a74 (webtiles) character file.

3164 rgaf the Slicer (level 9, -2/47 HPs)
             Began as a Vine Stalker Fighter on Jan 5, 2018.
             Was a Believer of Uskayaw.
             Slain by a warg (10 damage)
             ... on level 7 of the Dungeon.
             The game lasted 00:07:04 (5416 turns).

rgaf the Slicer (Vine Stalker Fighter)              Turns: 5416, Time: 00:07:04

Health: -2/47      AC: 11    Str: 22    XL:     9   Next: 94%
Magic:  0/10       EV:  5    Int:  8    God:    Uskayaw [**....]
Gold:   292        SH:  9    Dex: 14    Spells: 8/8 levels left

rFire    . . .     SeeInvis .   t - +0 dagger (elec)
rCold    . . .     Gourm    .   c - +0 shield
rNeg     . . .     Faith    .   l - +0 chain mail
rPois    .         Spirit   +   (no helmet)
rElec    .         Reflect  .   (no cloak)
rCorr    .         Harm     .   y - +0 pair of gloves
MR       +....                  (no boots)
Stlth    +.........             (no amulet)
HPRegen  0.55/turn              (no ring)
MPRegen  0.12/turn              (no ring)

@: no status effects
A: fangs 3, regeneration 1, magic shield, antimagic bite, no potion heal 3, rot
immunity
a: Stomp, Line Pass, Renounce Religion


You were on level 7 of the Dungeon.
You worshipped Uskayaw.
Uskayaw was noncommittal.
You were near starving.

You visited 2 branches of the dungeon, and saw 9 of its levels.

You collected 292 gold pieces.

Inventory:

Hand Weapons
 a - a +0 rapier
 t - a +0 dagger of electrocution (weapon)
Armour
 b - a +0 scale mail
 c - a +0 shield (worn)
 l - a +0 chain mail (worn)
 y - a +0 pair of gloves (worn)
 F - the +1 leather armour of the Immovable Runes {+Inv rPois rF+ Str+2}
   (You found it on level 7 of the Dungeon)

   It affects your strength (+2).
   It protects you from fire.
   It protects you from poison.
   It lets you turn invisible.
Jewellery
 D - a +3 ring of protection {unknown}
 E - a +5 amulet of reflection {unknown}
Wands
 n - a wand of disintegration (10)
Scrolls
 g - 8 scrolls of identify {unknown}
 i - a scroll of noise {unknown}
 k - 2 scrolls of amnesia {unknown}
 p - a scroll of fear {unknown}
 q - 2 scrolls of magic mapping {unknown}
 s - a scroll of random uselessness {unknown}
 u - 3 scrolls of remove curse {unknown}
 x - 3 scrolls of teleportation {unknown}
 C - a scroll of acquirement {unknown}
Potions
 d - 2 potions of curing {unknown}
 e - a potion of mutation {unknown}
 h - a potion of lignification {unknown}
 j - 4 potions of haste {unknown}
 m - 4 potions of ambrosia {unknown}
 o - 3 potions of heal wounds {unknown}
 r - 2 potions of magic {unknown}
 v - a potion of flight {unknown}
 w - a potion of brilliance {unknown}
 z - a potion of invisibility {unknown}
 A - a potion of cancellation {unknown}
 B - a potion of berserk rage {unknown}
Comestibles
 f - 8 rations


   Skills:
 + Level 5.5 Fighting
 - Level 9.0 Short Blades
 + Level 5.0 Armour
 * Level 7.5 Stealth
 - Level 2.6 Shields


You had 8 spell levels left.
You didn't know any spells.

Dungeon Overview and Level Annotations

Branches:
Dungeon (8/15)             Temple (1/1) D:6
   Lair: D:8-11

Altars:
Ashenzari
Cheibriados
Dithmenos
Fedhas
Gozag
Makhleb
Nemelex Xobeh
Okawaru
Qazlal
Ru
Sif Muna
Trog
Uskayaw
Vehumet
Wu Jian
Yredelemnul
Zin


Innate Abilities, Weirdness & Mutations

You have razor-sharp teeth.
Your natural rate of healing is unusually fast.
When hurt, damage is shared between your health and your magic reserves.
Your bite disrupts and absorbs the magic of your enemies.
Potions cannot restore your health.
You are immune to rotting.


Message History

The orc priest calls down the wrath of Beogh upon you.
Beogh smites you!
You hear a howl!
You hear a shout!
Uskayaw will force your foes to helplessly watch your dance.
You hit the warg. Your bite misses the warg.
The warg is almost dead.
The warg bites you!
* * * LOW HITPOINT WARNING * * *
You block the warg's attack.
You see here a sky beast corpse.
There is a stone staircase leading up, spattered with blood here.
The warg bites you.
* * * LOW HITPOINT WARNING * * *
You block the warg's attack.
You climb upwards.
There is a stone staircase leading down here.
You miss the warg. You bite the warg, but do no damage.
The warg is almost dead.
The warg bites you!
You die...

....##### ##.#######.#.#
........# #.#.....#.#.#
....###.### #.###.###.#.#
..........# ##...#.#...#.#
....###.#.# #..#.#.#.#.#.#
....# #.#.# #.##.....#.#.#
##### #.#.## ###.########.#.#
#....###..[.........#.####
#........h@..............#
##...##...##########.....##
##.##..#...# #.......
#...#....#.# #.....##
#....)..##.# #.....##
####.......##.# ###.####
#####..........##.# #.# #
...............##.##########.#
#####..........##............#


You could see a warg.

Vanquished Creatures
  Prince Ribbit (D:7)
  Grinder (D:3)
  Sigmund (D:3)
  Eustachio (D:4)
  A sky beast (D:8)
  2 ice beasts
  3 ogres
  2 phantoms (D:4)
  A centaur (D:2)
  Blork the orc (D:6)
  3 bullfrogs
  A scorpion (D:7)
  2 howler monkeys
  3 wights
  A crimson imp (D:5)
  A quasit (D:7)
  A gnoll shaman (D:6)
  4 hounds
  2 jellies
  3 orc priests (D:5)
  3 centaur skeletons
  8 orc wizards
  A bullfrog skeleton (D:4)
  Jessica (D:3)
  An iguana (D:5)
  Natasha (D:2)
  Ijyb (D:2)
  2 worker ants
  A hound zombie (D:6)
  A hound skeleton (D:5)
  7 gnolls
  10 adders
  An ooze (D:1)
  An adder zombie (D:5)
  2 adder skeletons
  6 worms
  2 dart slugs
  3 leopard geckos
  21 orcs
  6 giant cockroaches
  12 goblins
  5 hobgoblins
  6 jackals
  A quokka (D:6)
  A ball python (D:2)
  9 bats
  7 frilled lizards
  5 kobolds
  3 rats (D:2)
163 creatures vanquished.

Notes
Turn   | Place    | Note
-------+----------+-------------------------------------------
     0 | D:1      | rgaf the Vine Stalker Fighter began the quest for the Orb.
     0 | D:1      | Reached XP level 1. HP: 11/11 MP: 2/2
    68 | D:1      | Reached skill level 2 in Short Blades
   112 | D:1      | Reached XP level 2. HP: 15/16 MP: 3/3
   502 | D:1      | Reached skill level 3 in Short Blades
   583 | D:1      | Reached XP level 3. HP: 19/19 MP: 4/4
   774 | D:2      | Noticed a centaur
   781 | D:2      | Killed a centaur
   781 | D:2      | Reached skill level 4 in Short Blades
   781 | D:2      | Gained mutation: Your natural rate of healing is unusually fast. [Vine Stalker growth]
   781 | D:2      | Reached XP level 4. HP: 14/23 MP: 5/5
   862 | D:2      | Reached XP level 5. HP: 23/27 MP: 4/6
  1024 | D:2      | Reached skill level 5 in Short Blades
  1182 | D:2      | Noticed Ijyb
  1204 | D:2      | Killed Ijyb
  1351 | D:3      | Noticed Grinder
  1359 | D:3      | Killed Grinder
  1359 | D:3      | Reached skill level 6 in Short Blades
  1359 | D:3      | Reached XP level 6. HP: 22/32 MP: 7/7
  1464 | D:3      | Noticed Natasha
  1485 | D:2      | Killed Natasha
  1485 | D:2      | Reached XP level 7. HP: 30/35 MP: 6/8
  1657 | D:3      | Noticed Jessica
  1660 | D:3      | Killed Jessica
  1956 | D:3      | Noticed Sigmund
  1978 | D:3      | Killed Sigmund
  1978 | D:3      | Reached skill level 7 in Short Blades
  2313 | D:4      | Noticed Eustachio
  2326 | D:4      | Killed Eustachio
  2326 | D:4      | Reached skill level 8 in Short Blades
  2326 | D:4      | Gained mutation: You have razor-sharp teeth. [Vine Stalker growth]
  2326 | D:4      | Reached XP level 8. HP: 32/39 MP: 9/9
  2500 | D:3      | Reached skill level 9 in Short Blades
  3007 | D:5      | Entered Level 5 of the Dungeon
  3273 | D:5      | Reached skill level 1 in Stealth
  3381 | D:5      | HP: 1/42 [orc priest/divine providence (9)]
  3479 | D:5      | Reached XP level 9. HP: 40/45 MP: 10/10
  3919 | D:6      | Found a burning altar of Makhleb.
  3948 | D:6      | Found a staircase to the Ecumenical Temple.
  3949 | D:6      | Noticed Blork the orc
  3969 | D:6      | Killed Blork the orc
  3989 | Temple   | Entered the Ecumenical Temple
  4177 | Temple   | Became a worshipper of Uskayaw the Reveler
  4388 | D:6      | Reached * piety under Uskayaw
  4398 | D:6      | Reached skill level 5 in Stealth
  4400 | D:6      | Reached ** piety under Uskayaw
  4402 | D:6      | Reached *** piety under Uskayaw
  4409 | D:6      | Reached **** piety under Uskayaw
  4416 | D:6      | Reached skill level 5 in Fighting
  4659 | D:7      | Noticed Prince Ribbit
  4660 | D:7      | Found an opulent altar of Gozag.
  4670 | D:7      | Killed Prince Ribbit
  4781 | D:7      | Found an iron altar of Okawaru.
  4781 | D:7      | Found a sparkling altar of Nemelex Xobeh.
  5317 | D:7      | Got a warped leather armour
  5328 | D:7      | Identified the +1 leather armour of the Immovable Runes {+Inv rPois rF+ Str+2} (You found it on level 7 of the Dungeon)
  5369 | D:8      | Reached skill level 5 in Armour
  5369 | D:8      | Reached ***** piety under Uskayaw
  5416 | D:7      | Slain by a warg

Skill      XL: |  1  2  3  4  5  6  7  8  9 |
---------------+----------------------------+-----
Short Blades   | 2 3 4 6 8 9 |  9.0
Fighting       | 4 5 |  5.5
Armour         | 3 5 |  5.0
Stealth        | 2 7 |  7.5
Shields        | |  2.6

Action                   |  1- 3 |  4- 6 |  7- 9 || total
-------------------------+-------+-------+-------++-------
Melee: Rapier            |    57 |   100 |   275 ||   432
       Bite              |    21 |    29 |   150 ||   200
       Dagger            |       |       |   190 ||   190
Evoke: Wand              |       |       |     1 ||     1
  Use: Potion            |       |     1 |       ||     1
 Stab: Paralysed         |       |       |     4 ||     4
  Eat: Chunk             |       |     2 |    11 ||    13
Armor: Scale mail        |    27 |    37 |   102 ||   166
       Chain mail        |       |       |    23 ||    23
Dodge: Dodged            |    16 |    26 |    74 ||   116
Block: Shield            |    26 |    29 |   167 ||   222
